 Dungeon Crawl Stone Soup version 0.21-a0-442-g848f44b (webtiles) character file.

29 AverageBear the Cutter (level 3, -4/22 HPs)
             Began as a Deep Elf Fighter on Nov 13, 2017.
             Slain by Crazy Yiuf
             ... wielding a +4 quarterstaff of chaos
              (7 damage)
             ... on level 2 of the Dungeon.
             The game lasted 00:01:25 (1572 turns).

AverageBear the Cutter (Deep Elf Fighter)           Turns: 1572, Time: 00:01:26

Health: -4/22      AC:  6    Str: 14    XL:     3   Next: 1%
Magic:  5/5        EV:  2    Int: 12    God:
Gold:   77         SH:  0    Dex: 14    Spells: 2/2 levels left

rFire    . . .     SeeInvis .   a - +0 rapier
rCold    . . .     Gourm    .   c - +0 shield
rNeg     + + +     Faith    .   b - +0 scale mail
rPois    ∞         Spirit   .   (no helmet)
rElec    .         Reflect  .   (no cloak)
rCorr    .         Harm     .   (no gloves)
MR       .....                  (no boots)
Stlth    ..........             d - amulet of rage
HPRegen  0.07/turn              (no ring)
MPRegen  0.09/turn              (no ring)

@: lethally poisoned (-4 -> -4), petrified, berserk cooldown, slowed, drained
A: no striking features
a: Evoke Berserk Rage


You were on level 2 of the Dungeon.
You were not hungry.

You visited 1 branch of the dungeon, and saw 2 of its levels.

You collected 77 gold pieces.

Inventory:

Hand Weapons
 a - a +0 rapier (weapon)
Armour
 b - a +0 scale mail (worn)
 c - a +0 shield (worn)
Jewellery
 d - an amulet of rage (around neck)
 p - an uncursed ring of see invisible {unknown}
Scrolls
 e - 2 scrolls of blinking {unknown}
 h - a scroll of fear {unknown}
 i - a scroll of recharging {unknown}
 j - 2 scrolls of identify {unknown}
 k - 3 scrolls of remove curse {unknown}
 o - a scroll of amnesia {unknown}
Potions
 g - a potion of berserk rage
 l - a potion of flight {unknown}
 n - a potion of brilliance {unknown}
Comestibles
 f - a bread ration
 m - a royal jelly


   Skills:
 - Level 2.4(1.8) Fighting
 + Level 3.5(2.9) Short Blades
 - Level 2.4(1.8) Armour
 - Level 2.4(1.8) Shields


You had 2 spell levels left.
You didn't know any spells.

Dungeon Overview and Level Annotations

Branches:
Dungeon (2/15)

Altars:
Sif Muna

Annotations:
D:2 Crazy Yiuf


Message History

You feel drained.
Your limbs are stiffening.
Your shield and scale mail prevent you from hitting Crazy Yiuf.
You are no longer berserk.
You are exhausted.
You feel yourself slow down.
Crazy Yiuf hits you with a quarterstaff of chaos!
You are poisoned.
You hit Crazy Yiuf but do no damage.
You feel sick.
Crazy Yiuf hits you with a quarterstaff of chaos!
* * * LOW HITPOINT WARNING * * *
You feel drained.
* * * LOW HITPOINT WARNING * * *
Crazy Yiuf says, "Nubble dark head!"
Crazy Yiuf hits you but does no damage.
You have turned to stone.
Crazy Yiuf screams, "Ten meccalolo water!"
Crazy Yiuf hits you with a quarterstaff of chaos.
* * * LOW HITPOINT WARNING * * *
Crazy Yiuf burns you.
Crazy Yiuf hits you with a quarterstaff of chaos!
You die...

#.#
#...............#
## #.#
#.........#####.#
#.# #.........#
#.# #.#
########### #.#
#.# #.#
#.###♣♣♣♣♣
##'####
#.##...♣.♣♣♣ ####
#.....#####
#.......♣..♣#...#
#..........
#......♣♣♣♣.@g..#
#..........
##.#..♣♣ ♣♣#..)#
#..........
####♣♣ ####
#......###.
####...###'
####.... #....
#.... #.... #....


You could see Crazy Yiuf.

Vanquished Creatures
  An adder (D:2)
  A worm (D:2)
  3 giant cockroaches (D:2)
  A goblin (D:1)
  3 hobgoblins (D:2)
  3 bats (D:1)
  A frilled lizard (D:2)
  3 kobolds
  A rat (D:2)
17 creatures vanquished.

Notes
Turn   | Place    | Note
-------+----------+-------------------------------------------
     0 | D:1      | AverageBear the Deep Elf Fighter began the quest for the Orb.
     0 | D:1      | Reached XP level 1. HP: 13/13 MP: 3/3
   172 | D:1      | You fall through a shaft!
   370 | D:2      | Reached skill level 3 in Short Blades
   370 | D:2      | Reached XP level 2. HP: 8/18 MP: 4/4
  1229 | D:2      | Found a runed door.
  1268 | D:2      | Found a deep blue altar of Sif Muna.
  1320 | D:2      | Reached XP level 3. HP: 22/22 MP: 5/5
  1564 | D:2      | Noticed Crazy Yiuf
  1572 | D:2      | Slain by Crazy Yiuf

Vault maps used:
D:1:      elethiomel_arrival_infinity_welcomes_careful_drivers
D:2:      led_sif_pool, uniq_crazy_yiuf_cottage

Skill      XL: |  1 |
---------------+----+-----
Short Blades   | 3 |  3.5
Fighting       | |  2.4
Armour         | |  2.4
Shields        | |  2.4

Action                   || total
-------------------------++-------
Melee: Rapier            ||    79
 Abil: Evoke Berserk Rag ||     1
  Use: Potion            ||     2
  Eat: Chunk             ||     3
Armor: Scale mail        ||    29
Dodge: Dodged            ||    22
Block: Shield            ||    26

Table legend:
 A = Spawn XP
 B = Non-spawn XP
 C = Spawn XP percentage of total XP
 D = Spawn monster count
 E = Non-spawn monster count
 F = Spawn count percentage of total count
 G = Total turns spent on level
                    A         B        C        D         E        F      G
               +---------+---------+-------+---------+---------+-------+---------
         Total |       0 |      42 |   0.0 |       0 |      17 |   0.0 |  1572
               +---------+---------+-------+---------+---------+-------+---------
           D:1 |       0 |       7 |   0.0 |       0 |       5 |   0.0 |   172
           D:2 |       0 |      35 |   0.0 |       0 |      12 |   0.0 |  1400
               +---------+---------+-------+---------+---------+-------+---------
